 Dungeon Crawl Stone Soup version 0.20.1-1-g8b1a95d (webtiles) character file.

94398 Jannitor the Warrior (level 16, -7/132 HPs)
             Began as an Ogre Chaos Knight on Aug 31, 2017.
             Mangled by an ice dragon simulacrum (10 damage)
             ... on level 3 of the Abyss on Sept 3, 2017.
             The game lasted 01:26:04 (29386 turns).

Jannitor the Warrior (Ogre Chaos Knight)           Turns: 29386, Time: 01:26:07

Health: -7/132     AC: 24    Str: 16    XL:     16   Next: 11%
Magic:  25/25      EV: 13    Int: 21    God:    Xom [..*...]
Gold:   928        SH: 23    Dex: 13    Spells: 15/15 levels left

rFire    + + .     SeeInvis .   k - +2 flail (protect)
rCold    + . .     Gourm    .   B - +6 large shield of the Flute {rC+ rN++ MP+9}
rNeg     + + +     Faith    .   A - +1 pearl dragon scales
rPois    .         Spirit   .   z - +2 hat {Int+3}
rElec    .         Reflect  .   P - +0 cloak
rCorr    .         Harm     .   (gloves unavailable)
MR       ++...     Rnd*Tele +   (boots unavailable)
Stlth    ..........             c - amulet of regeneration
Regen    0.0/turn               D - +5 ring of evasion
MPRegen  0.2/turn               T - ring "Foqeuq" {*Tele rF+ Int+5 Slay+3}

@: about to teleport, protection aura
A: unfitting armour, blink, blurry vision 1[+2], fire resistance 1, frail 1[+2],
magic resistance 1, [inhibited regeneration], tough skin 1, [weak 2]
a: Blink, Renounce Religion


You were on level 3 of the Abyss.
You worshipped Xom.
You were a toy of Xom.
You were not hungry.

You visited 4 branches of the dungeon, and saw 23 of its levels.
You visited the Abyss 1 time.
You also visited: Labyrinth and Bailey.

You collected 2848 gold pieces.
You spent 1920 gold pieces at shops.

Inventory:

Hand Weapons
 k - a +2 flail of protection (weapon)
 y - a +0 blowgun
 F - the +9 giant club "Exefema" {protect, rN+ Str+4}
   (You found it on level 6 of the Lair of Beasts)

   It protects the one who uses it against injury (+AC on strike).
   It affects your strength (+4).
   It protects you from negative energy.
Missiles
 g - 4 throwing nets
 O - 7 curare-tipped needles
 W - a large rock (quivered)
Armour
 a - quicksilver dragon scales
 z - a +2 hat of intelligence (worn)
 A - +1 pearl dragon scales (worn)
 B - the +6 large shield of the Flute (worn) {rC+ rN++ MP+9}
   (You found it in a bailey)

   It protects you from cold.
   It greatly protects you from negative energy.
   It affects your magic capacity (+9).
 P - a +0 cloak (worn)
Jewellery
 c - an amulet of regeneration (around neck)
 D - a +5 ring of evasion (left hand)
 M - the ring "Ywaucw" {rN+ MR+}
   (You found it on level 4 of the Lair of Beasts)

   [ring of protection from magic]

   It protects you from negative energy.
   It affects your resistance to hostile enchantments.
 T - the ring "Foqeuq" (right hand) {*Tele rF+ Int+5 Slay+3}
   (You found it in a labyrinth)

   [ring of teleportation]

   It may teleport you next to monsters.
   It affects your intelligence (+5).
   It affects your accuracy and damage with ranged weapons and melee attacks
   (+3).
   It protects you from fire.
Wands
 f - a wand of paralysis (7/24)
 l - a wand of digging (15/24)
 q - a wand of lightning (6/15)
 s - a wand of iceblast (4/15)
 t - a wand of polymorph (13/24)
 E - a wand of flame (17/48)
 L - a wand of digging (12/24)
 Q - a wand of acid (4/15)
Scrolls
 b - a scroll of silence
 d - 8 scrolls of identify
 e - 10 scrolls of remove curse
 i - 3 scrolls of enchant weapon
 j - 5 scrolls of recharging
 n - 3 scrolls of summoning
 p - 3 scrolls of enchant armour
 H - a scroll of magic mapping
 U - a scroll of blinking
 X - 3 scrolls of fear
Potions
 m - a potion of invisibility
 u - a potion of mutation
 v - 9 potions of curing
 x - 3 potions of flight
 K - 4 potions of lignification
 S - 2 potions of berserk rage
 V - 2 potions of haste
 Z - a potion of might
Miscellaneous
 N - a fan of gales
Comestibles
 o - 8 bread rations
 r - 13 meat rations
 J - 10 fruits
 Y - 5 royal jellies


   Skills:
 + Level 19.2 Fighting
 - Level 14.3 Maces & Flails
 + Level 10.5 Throwing
 + Level 4.1 Armour
 - Level 4.9 Dodging
 + Level 11.5 Shields
 - Level 0.5 Evocations


You had 15 spell levels left.
You didn't know any spells.

Dungeon Overview and Level Annotations

Branches:
Dungeon (14/15)            Temple (1/1) D:7            Lair (6/6) D:10
 Shoals (0/4) Lair:2        Snake (0/4) Lair:3        Slime (0/5) Lair:5
    Orc (2/2) D:10            Elf (0/3) Orc:2        Vaults (0/5) D:13

Altars:
Ashenzari
Cheibriados
Dithmenos
Elyvilon
Fedhas
Gozag
Hepliaklqana
Kikubaaqudgha
Makhleb
Nemelex Xobeh
Okawaru
Qazlal
Ru
Sif Muna
Trog
Uskayaw
Vehumet
Xom
Yredelemnul
Zin
The Shining One
Beogh

Shops:
D:4 =   D:5 *   D:8 %   Orc:2 [*(:

Annotations:
D:9 exclusion: ice statue
D:10 2 runed doors, exclusion: orange crystal statue


Innate Abilities, Weirdness & Mutations

You are too large for most types of armour.
You have tough skin. (AC +1)
You can translocate small distances at will.
Your flesh is heat resistant. (rF+)
You are resistant to hostile enchantments. (MR+)
[Scrolls take you much longer to read.]
[You are extremely frail. (-30% HP)]
[You do not regenerate when monsters are visible.]
[You are very weak. (Str -4)]


Message History

Press: ? - help, v - describe, . - travel
Here: a starcursed mass The floor.
Unknown command.
Really read with blurry vision while enemies are nearby?
The starcursed mass engulfs you!
* * * LOW HITPOINT WARNING * * *
A starcursed mass splits.
You block the ice dragon simulacrum's attack. x3
Xom is amused.
You begin reading the scroll.
You continue reading the scroll.
The starcursed mass closely misses you.
A deafening chorus of shrieks assaults your mind!
* * * LOW HITPOINT WARNING * * *
You block the ice dragon simulacrum's attack.
The ice dragon simulacrum claws you!
* * * LOW HITPOINT WARNING * * *
The ice dragon simulacrum freezes you! You resist.
You die...
Xom chuckles heartily!

≈ ≈ . . . # .#
###### #.#..###
#..Z.#X##
#....#.X@XXX#
... .##..X#.X.#
# #...##.#..#..#
..#.. ...#..#.§
##..##..#.......
#...
############ ##.


You could see 7 starcursed masses and an ice dragon simulacrum.

Vanquished Creatures
  Rupert (Lair:3)
  A tentacled starspawn (Abyss:3)
  2 azure jellies
  The ghost of Toogi the Fighter, a journeyman MfSu of Sif Muna (D:14)
  An orc warlord (Orc:2)
  Azrael (Orc:2)
  The ghost of gwathlobal the Carver, a journeyman HOFi of Nemelex Xobeh (D:13)
  A minotaur (Lab)
  An ettin (Orc:2)
  Josephine (Lair:4)
  A yaktaur captain (D:13)
  Erica (D:8)
  3 centaur warriors (D:13)
  A two-headed ogre (D:9)
  2 hydras
  A tengu warrior (D:13)
  An alligator (D:13)
  6 death yaks
  An orc high priest (Orc:2)
  Sonja (Lair:2)
  A soul eater (Abyss:3)
  2 slime creatures
  A fire crab (Lair:6)
  An orange crystal statue (D:9)
  A lindwurm (D:10)
  3 orc knights
  A harpy (Lair:5)
  8 orc sorcerers
  A manticore (D:14)
  2 wolf spiders (Lair:6)
  A cyclops (D:12)
  2 ugly things
  A moth of wrath (Lair:4)
  3 elephants
  2 smoke demons (Abyss:3)
  9 black mambas
  A guardian serpent (Lair:6)
  A torpor snail (Lair:5)
  Joseph (D:11)
  14 spiny frogs
  2 large abominations (Abyss:3)
  6 komodo dragons
  2 yaktaurs (D:13)
  10 trolls
  9 polar bears
  3 hornets
  A merfolk (D:10)
  12 wind drakes (D:13)
  A snapping turtle (Lair:2)
  10 blink frogs
  8 raiju
  6 dream sheep
  14 hippogriffs
  3 spriggans (Lair:6)
  2 shadows
  A tarantella (shapeshifter) (Lair:4)
  8 air elementals (D:13)
  A centaur simulacrum (D:10)
  4 wraiths
  3 fire elementals (Orc:2)
  13 wyverns
  A basilisk (D:10)
  36 yaks
  6 hungry ghosts
  A steam dragon (D:11)
  A neqoxec (Abyss:3)
  7 wargs
  A soldier ant (shapeshifter) (Lair:2)
  15 insubstantial wisps (D:13)
  4 nagas (Lair:3)
  A soldier ant (D:11)
  24 water moccasins
  A hornet zombie (D:13)
  3 phantoms
  5 porcupines
  17 hell hounds
  28 orc warriors
  13 black bears
  3 necrophages (D:9)
  4 ice beasts
  15 ogres
  A sky beast (D:7)
  17 centaurs
  13 wolves
  8 crocodiles
  A big kobold (D:9)
  15 bullfrogs
  A wyvern skeleton (D:9)
  3 scorpions
  3 small abominations (Abyss:3)
  12 killer bees
  2 howler monkeys
  11 wights
  The ghost of letownia the Insei, a weakling OpTm (D:3)
  An electric eel (Lair:2)
  13 crimson imps
  4 bullfrog zombies
  2 centaur zombies
  3 jellies
  A quasit (D:8)
  4 centaur skeletons
  3 hounds
  8 orc priests
  2 bullfrog skeletons
  Ijyb (D:4)
  Natasha (thrice) (D:2)
  4 iguanas
  19 orc wizards
  13 worker ants
  A hound zombie (D:5)
  A howler monkey zombie (D:5)
  11 adders
  5 shadow imps
  A white imp (Abyss:3)
  An ooze (D:4)
  4 adder zombies
  2 adder skeletons
  6 worms
  A ball lightning (D:13)
  2 dart slugs
  5 leopard geckos
  67 orcs
  4 bats
  7 giant cockroaches
  15 goblins
  10 hobgoblins
  12 jackals
  4 quokkas
  4 frilled lizards
  14 kobolds
  A leopard gecko skeleton (D:4)
  A leopard gecko zombie (D:9)
  6 rats
  A bush (D:9)
  A fungus (Lair:4)
  4 plants (Lair:6)
750 creatures vanquished.

Vanquished Creatures (collateral kills)
  An orc knight (Orc:2)
  A yak (Lair:2)
  A wyvern (Lair:6)
  2 orc warriors
  Terence (D:2)
  An adder zombie (D:5)
  5 orcs (Bailey)
12 creatures vanquished.

Vanquished Creatures (others)
  An orc knight (Bailey)
  A smoke demon (Abyss:3)
  A polar bear (Lair:6)
  A water moccasin (Lair:3)
  A wolf (Lair:6)
  A killer bee (D:8)
  3 orc wizards
  15 ball lightnings (D:13)
  2 orcs
  26 fungi
  47 plants
  2 starspawn tentacles (Abyss:3)
101 creatures vanquished.

Grand Total: 863 creatures vanquished

Notes
Turn   | Place    | Note
-------+----------+-------------------------------------------
     0 | D:1      | Jannitor the Ogre Chaos Knight began the quest for the Orb.
     0 | D:1      | Reached XP level 1. HP: 24/24 MP: 1/1
   289 | D:1      | Reached XP level 2. HP: 30/33 MP: 2/2
   338 | D:1      | XOM is BORED!
   338 | D:1      | XOM: silly message
   351 | D:1      | Found a sparkling altar of Nemelex Xobeh.
   595 | D:2      | Reached skill level 5 in Fighting
   595 | D:2      | Reached XP level 3. HP: 15/42 MP: 3/3
   816 | D:2      | XOM: 3-stop teleportation journey
   883 | D:2      | Noticed Terence
   884 | D:2      | Noticed Natasha
   890 | D:2      | XOM: summons friendly quasit
   898 | D:2      | Killed Terence
   907 | D:2      | Killed Natasha
   907 | D:2      | Reached XP level 4. HP: 30/50 MP: 4/4
   925 | D:2      | XOM: polymorph quasit -> crimson imp
  1036 | D:2      | Found a shadowy altar of Dithmenos.
  1036 | D:2      | XOM: 10-stop teleportation journey
  1054 | D:2      | Noticed Natasha
  1061 | D:2      | Killed Natasha
  1186 | D:2      | Reached XP level 5. HP: 47/59 MP: 5/5
  1259 | D:2      | Noticed Natasha
  1260 | D:2      | Found a faded altar of an unknown god.
  1267 | D:2      | Killed Natasha
  1267 | D:2      | Reached skill level 6 in Fighting
  1283 | D:2      | XOM: give mutations
  1283 | D:2      | Gained mutation: You are dopey. (Int -2) [Xom's mischief]
  1283 | D:2      | Gained mutation: Your body sometimes deteriorates upon taking damage. [Xom's mischief]
  1283 | D:2      | Gained mutation: [You are weak. (Str -2)] [Xom's mischief]
  1283 | D:2      | Gained mutation: You are agile. (Dex +2) [Xom's mischief]
  1345 | D:2      | XOM: noise
  1738 | D:2      | Found a deep blue altar of Sif Muna.
  2301 | D:3      | XOM: confusion (+ monsters)
  2314 | D:3      | Reached XP level 6. HP: 62/68 MP: 6/6
  2425 | D:3      | Noticed letownia's ghost (weakling OpTm)
  2434 | D:3      | Killed letownia's ghost
  2440 | D:3      | Found a white marble altar of Elyvilon.
  2442 | D:3      | Found a hazy altar of Hepliaklqana.
  2794 | D:3      | XOM: harmless Necr miscast
  2810 | D:3      | XOM: swap monsters
  2840 | D:3      | Reached skill level 7 in Fighting
  3006 | D:4      | XOM: smoke on damage
  3014 | D:4      | Noticed Ijyb
  3099 | D:4      | XOM: divination: magic mapping
  3104 | D:4      | Killed Ijyb
  3104 | D:4      | Reached skill level 5 in Maces & Flails
  3176 | D:4      | Found an ancient bone altar of Kikubaaqudgha.
  3190 | D:4      | Noticed a phantom
  3211 | D:4      | XOM: potion effect (invisibility)
  3223 | D:4      | Killed a phantom
  3223 | D:4      | Reached XP level 7. HP: 49/79 MP: 7/7
  3326 | D:4      | Lost mutation: Your body sometimes deteriorates upon taking damage. [potion of mutation]
  3326 | D:4      | Lost mutation: You are dopey. (Int -2) [potion of mutation]
  3326 | D:4      | Lost mutation: You are agile. (Dex +2) [potion of mutation]
  3326 | D:4      | Gained mutation: You are dopey. (Int -2) [potion of mutation]
  3326 | D:4      | Gained mutation: You possess an exceptional clarity of mind. [potion of mutation]
  3340 | D:4      | Reached skill level 8 in Fighting
  3408 | D:4      | XOM: give mutations
  3408 | D:4      | Gained mutation: You are clumsy. (Dex -2) [Xom's mischief]
  3408 | D:4      | Lost mutation: You are clumsy. (Dex -2) [Xom's mischief]
  3617 | D:4      | Identified Hunniwn's Almanac of Arcane Weapons
  3635 | D:4      | Found Puschixe's Jewellery Shop.
  3864 | D:4      | XOM: harmless Pois miscast
  4161 | D:4      | XOM: repel stairs
  4162 | D:4      | XOM: cast spell 'Dispersal'
  4219 | D:4      | XOM: summons 4 hostile shadow creatures
  4417 | D:4      | XOM: harmless Tloc miscast
  4889 | D:4      | Reached XP level 8. HP: 80/91 MP: 8/8
  4915 | D:5      | Entered Level 5 of the Dungeon
  4917 | D:5      | XOM: noise
  4930 | D:5      | XOM: cast spell 'Summon Hydra'
  4932 | D:5      | Reached skill level 9 in Fighting
  4970 | D:5      | Found Zin's Purification Station.
  4973 | D:5      | Found a glowing silver altar of Zin.
  5067 | D:5      | XOM: draining
  5145 | D:5      | Found a blossoming altar of Fedhas.
  5289 | D:5      | XOM: mild Tloc miscast
  5323 | D:5      | XOM: harmless Ice miscast
  5740 | D:5      | XOM: give mutations
  5740 | D:5      | Gained mutation: You are robust. (+10% HP) [Xom's grace]
  5740 | D:5      | Lost mutation: [You are weak. (Str -2)] [Xom's grace]
  5953 | D:5      | XOM: noise
  5994 | D:6      | Reached skill level 10 in Fighting
  6180 | D:6      | XOM: 1-stop teleportation journey
  6676 | D:6      | Found a radiant altar of Vehumet.
  6678 | D:6      | Found a snail-covered altar of Cheibriados.
  6871 | D:7      | XOM: god gift: glowing hat {god gift}
  6886 | D:6      | Reached XP level 9. HP: 88/112 MP: 9/9
  6908 | D:6      | XOM: god gift: 16 stones
  7030 | D:7      | Reached skill level 11 in Fighting
  7175 | D:7      | Found an iron altar of Okawaru.
  7176 | D:7      | Found a bloodstained altar of Trog.
  7288 | D:7      | XOM: enchant monster (good)
  7422 | D:7      | Found a staircase to the Ecumenical Temple.
  7439 | Temple   | Entered the Ecumenical Temple
  7864 | D:7      | XOM: enchant monster (bad)
  8148 | D:8      | Found a shattered altar of Ashenzari.
  8162 | D:8      | XOM: divination: detect creatures
  8174 | D:8      | XOM: smoke on damage
  8262 | D:8      | XOM: 1-stop teleportation journey
  8391 | D:8      | XOM: 10-stop teleportation journey
  8468 | D:8      | XOM: confuse monster(s)
  8471 | D:8      | Reached skill level 12 in Fighting
  8547 | D:8      | XOM: divine lightning
  8553 | D:8      | XOM: scenery: create altars
  8674 | D:8      | XOM: scenery: create altars
  8685 | D:8      | Noticed Erica
  8691 | D:8      | XOM: cast spell 'Olgreb's Toxic Radiance'
  8717 | D:8      | Killed Erica
  8717 | D:8      | Reached XP level 10. HP: 59/129 MP: 10/10
  8789 | D:8      | XOM: cloud trail
  9124 | D:8      | Found Ytaciotont's Food Emporium.
  9259 | D:9      | XOM: destruction
  9267 | D:9      | XOM: potion effect (might)
  9329 | D:9      | XOM: scenery: 1 doors open
  9352 | D:9      | Found a flagged portal.
  9482 | Bailey   | Entered a bailey
  9970 | Bailey   | Noticed an orc knight
  9973 | Bailey   | Noticed an orc knight
 10092 | Bailey   | XOM: cast spell 'Statue Form'
 10136 | Bailey   | Got a shimmering large shield
 10154 | Bailey   | XOM: destruction
 10165 | Bailey   | Reached skill level 13 in Fighting
 10288 | Bailey   | Identified the +6 large shield of the Flute {rC+ rN++ MP+9} (You found it in a bailey)
 10296 | Bailey   | XOM: noise
 10575 | D:9      | Noticed an ice statue
 10604 | D:9      | Noticed a two-headed ogre
 10618 | D:9      | Killed a two-headed ogre
 10618 | D:9      | Reached skill level 10 in Maces & Flails
 10618 | D:9      | Reached skill level 1 in Shields
 10647 | D:9      | XOM: give mutations
 10647 | D:9      | Lost mutation: You are robust. (+10% HP) [Xom's mischief]
 10647 | D:9      | Gained mutation: You expend magic power (3 MP) to strengthen your wands. [Xom's mischief]
 10647 | D:9      | Gained mutation: You have an increased reservoir of magic. (+10% MP) [Xom's mischief]
 10647 | D:9      | Gained mutation: [You are frail. (-10% HP)] [Xom's mischief]
 10829 | D:9      | XOM: divination: detect creatures
 11093 | D:9      | XOM: harmless Summ miscast
 11336 | D:9      | Found a blossoming altar of Fedhas.
 11432 | D:9      | XOM: noise
 11530 | D:9      | XOM: silly message
 11643 | D:9      | Noticed an orange crystal statue
 11647 | D:9      | XOM: noise
 11667 | D:9      | Killed an orange crystal statue
 11763 | D:9      | XOM: harmless Tloc miscast
 11874 | D:10     | Entered Level 10 of the Dungeon
 11900 | D:10     | Reached XP level 11. HP: 71/114 MP: 12/12
 11914 | D:10     | Found a staircase to the Orcish Mines.
 12070 | D:10     | XOM: divination: magic mapping
 12090 | D:10     | XOM: divination: magic mapping
 12092 | D:10     | Reached skill level 14 in Fighting
 12485 | D:10     | XOM: potion effect (invisibility)
 12486 | D:10     | Noticed a death yak
 12493 | D:10     | XOM: summons 3 friendly demons
 12513 | D:10     | Killed a death yak
 12516 | D:10     | Found a staircase to the Lair.
 12533 | D:10     | XOM: cast spell 'Ring of Flames'
 12546 | D:10     | XOM: divination: detect items
 12657 | D:9      | XOM: harmless Tloc miscast
 12806 | D:9      | XOM: potion effect (berserk rage)
 12808 | D:9      | XOM: divination: magic mapping
 13089 | D:9      | XOM: divination: magic mapping
 13128 | D:10     | Noticed Nergalle
 13128 | D:10     | XOM: noise
 13129 | D:10     | XOM: confuse monster(s)
 13131 | D:10     | Noticed Nergalle
 13131 | D:10     | Nergalle changed into Nergalle the lindwurm
 13131 | D:10     | XOM: polymorph Nergalle -> Nergalle the lindwurm
 13137 | D:10     | Killed Nergalle the lindwurm
 13189 | D:10     | XOM: summons friendly ufetubus
 13262 | D:10     | XOM: blink monster(s)
 13263 | D:10     | XOM: harmless Tloc miscast
 13300 | D:10     | XOM: cloud trail
 13564 | D:10     | XOM: harmless Chrm miscast
 13590 | D:10     | Found a runed door.
 13591 | D:10     | Noticed an orange crystal statue
 13639 | D:10     | Reached skill level 5 in Shields
 13647 | D:10     | XOM: potion effect (heal wounds)
 13648 | D:10     | XOM: potion effect (heal wounds)
 13669 | D:11     | Noticed a white ugly thing
 13737 | D:12     | Found a labyrinth entrance.
 13828 | D:12     | XOM: god gift: quarterstaff {god gift}
 13837 | D:12     | XOM: cloud trail
 13839 | Lab      | Entered a labyrinth
 13906 | Lab      | XOM: divination: detect creatures
 14165 | Lab      | Noticed a minotaur
 14165 | Lab      | XOM: blink monster(s)
 14166 | Lab      | XOM: smoke on damage
 14173 | Lab      | XOM: potion effect (berserk rage)
 14181 | Lab      | Killed a minotaur
 14181 | Lab      | Reached skill level 15 in Fighting
 14192 | Lab      | Got a slimy jade ring
 14194 | Lab      | Identified the ring "Foqeuq" {*Tele rF+ Int+5 Slay+3} (You found it in a labyrinth)
 14514 | D:12     | XOM: summons 2 hostile shadow creatures
 14580 | D:12     | Noticed a cyan ugly thing
 14626 | D:11     | XOM: enchant monster (bad)
 14643 | D:11     | XOM: swap monsters
 14646 | D:11     | Killed a white ugly thing
 14650 | D:11     | XOM: confuse monster(s)
 14658 | D:11     | Noticed Joseph
 14663 | D:11     | Reached XP level 12. HP: 39/128 MP: 13/13
 14663 | D:11     | XOM: divination: magic mapping
 14955 | D:12     | XOM: harmless Chrm miscast
 15004 | D:12     | XOM: enchant monster (bad)
 15039 | D:12     | XOM: cloud trail
 15081 | D:12     | XOM: harmless Pois miscast
 15133 | D:12     | Found a sparkling altar of Nemelex Xobeh.
 15521 | D:11     | XOM: polymorph centaur -> worker ant
 15534 | D:11     | Reached skill level 1 in Throwing
 15603 | D:10     | XOM: divination: detect creatures
 15610 | D:10     | XOM: summons friendly crimson imp
 15626 | D:10     | XOM: blink monster(s)
 15700 | D:10     | Found a runed door.
 15889 | D:10     | XOM: noise
 15985 | Lair:1   | Entered Level 1 of the Lair of Beasts
 16047 | Lair:1   | XOM: mild Tloc miscast
 16049 | Lair:1   | XOM: harmless Conj miscast
 16245 | Lair:1   | Noticed a five-headed hydra
 16246 | Lair:1   | XOM: potion effect (haste)
 16252 | Lair:1   | Killed a five-headed hydra
 16337 | Lair:1   | XOM: cloud trail
 16506 | Lair:1   | XOM: silly message
 16544 | Lair:1   | XOM: harmless Ice miscast
 16721 | Lair:1   | XOM is BORED!
 16721 | Lair:1   | XOM: noise
 16751 | Lair:2   | XOM: summons 9 friendly demons
 16946 | Lair:2   | XOM: polymorph yak -> troll
 16962 | Lair:2   | Reached skill level 16 in Fighting
 17099 | Lair:2   | XOM: smoke on damage
 17103 | Lair:2   | XOM: polymorph yak -> shapeshifter
 17297 | Lair:2   | Found a staircase to the Shoals.
 17323 | Lair:2   | XOM: noise
 17392 | Lair:2   | XOM: enchant monster (good)
 17403 | Lair:2   | XOM: silly message
 17481 | Lair:2   | Noticed Sonja
 17488 | Lair:2   | Killed Sonja
 17540 | Lair:2   | XOM: repel stairs
 17580 | Lair:2   | XOM: god gift: meat ration
 17763 | Lair:3   | Noticed a catoblepas
 17769 | Lair:3   | Noticed an azure jelly
 17769 | Lair:3   | a catoblepas changed into an azure jelly
 17769 | Lair:3   | XOM: polymorph catoblepas -> azure jelly
 17784 | Lair:3   | Killed an azure jelly
 17784 | Lair:3   | Reached skill level 5 in Throwing
 17784 | Lair:3   | Reached XP level 13. HP: 104/138 MP: 14/14
 18003 | Lair:3   | Noticed Rupert
 18009 | Lair:3   | XOM: harmless Summ miscast
 18017 | Lair:3   | Killed Rupert
 18225 | Lair:3   | Found a staircase to the Snake Pit.
 18878 | Lair:4   | Noticed Josephine
 18886 | Lair:4   | XOM: noise
 18891 | Lair:4   | Killed Josephine
 18899 | Lair:4   | XOM: enchant monster (bad)
 19051 | Lair:4   | XOM: 5-stop teleportation journey
 19059 | Lair:4   | XOM: blink monster(s)
 19081 | Lair:4   | XOM: 2-stop teleportation journey
 19097 | Lair:4   | XOM: polymorph spiny frog -> tarantella
 19183 | Lair:4   | Noticed Harold
 19197 | Lair:4   | Noticed Harold
 19197 | Lair:4   | Harold changed into Harold the moth of wrath
 19197 | Lair:4   | XOM: polymorph Harold -> Harold the moth of wrath
 19205 | Lair:4   | Killed Harold the moth of wrath
 19291 | Lair:4   | Got a transparent lapis lazuli ring
 19293 | Lair:4   | Identified the ring "Ywaucw" {rN+ MR+} (You found it on level 4 of the Lair of Beasts)
 19429 | Lair:4   | XOM: enchant monster (good)
 19436 | Lair:4   | XOM: 2-stop teleportation journey
 19462 | Lair:4   | XOM: god gift: 22 gold pieces
 19472 | Lair:4   | XOM: harmless Ice miscast
 19473 | Lair:4   | XOM: summons friendly iron imp
 19779 | Lair:4   | XOM: god gift: bread ration
 19853 | Lair:4   | XOM: cloud trail
 19897 | Lair:5   | Found a staircase to the Slime Pits.
 19910 | Lair:5   | XOM: enchant monster (good)
 19967 | Lair:5   | XOM: divination: magic mapping
 19978 | Lair:5   | Reached skill level 17 in Fighting
 19999 | Lair:5   | XOM: polymorph yak -> harpy
 20002 | Lair:5   | XOM: scenery: create altars
 20076 | Lair:5   | XOM: god gift: chain mail {god gift}
 20365 | Lair:4   | XOM: fake destruction
 20609 | Lair:5   | XOM: summons friendly white imp
 20618 | Lair:5   | XOM: confuse monster(s)
 20630 | Lair:5   | XOM: blink monster(s)
 20633 | Lair:5   | XOM: swap monsters
 20866 | Lair:5   | Noticed an azure jelly
 20866 | Lair:5   | a death yak changed into an azure jelly
 20866 | Lair:5   | XOM: polymorph death yak -> azure jelly
 20888 | Lair:4   | Killed an azure jelly
 20888 | Lair:4   | Reached XP level 14. HP: 88/149 MP: 15/15
 21183 | Lair:4   | XOM: swap monsters
 21354 | Lair:5   | XOM: give mutation
 21354 | Lair:5   | Gained mutation: You are very dopey. (Int -4) [Xom's mischief]
 21489 | Lair:6   | Entered Level 6 of the Lair of Beasts
 21731 | Lair:6   | XOM: severe Conj miscast
 21748 | Lair:6   | XOM: mild Erth miscast
 21775 | Lair:6   | XOM: 2-stop teleportation journey
 21801 | Lair:6   | XOM: swap monsters
 21852 | Lair:6   | XOM: snakes to sticks
 22165 | Lair:6   | Gained mutation: You occasionally shout uncontrollably at your foes. [mutagenic meat]
 22254 | Lair:6   | Lost mutation: You possess an exceptional clarity of mind. [potion of mutation]
 22254 | Lair:6   | Lost mutation: You are very dopey. (Int -4) [potion of mutation]
 22254 | Lair:6   | Lost mutation: You are dopey. (Int -2) [potion of mutation]
 22254 | Lair:6   | Lost mutation: You expend magic power (3 MP) to strengthen your wands. [potion of mutation]
 22254 | Lair:6   | Lost mutation: You occasionally shout uncontrollably at your foes. [potion of mutation]
 22254 | Lair:6   | Lost mutation: You have an increased reservoir of magic. (+10% MP) [potion of mutation]
 22254 | Lair:6   | Gained mutation: [Scrolls take you a little longer to read.] [potion of mutation]
 22254 | Lair:6   | Gained mutation: You can translocate small distances at will. [potion of mutation]
 22276 | Lair:6   | Identified a scroll of acquirement
 22410 | Lair:6   | XOM: noise
 22414 | Lair:6   | XOM: potion effect (brilliance)
 22416 | Lair:6   | XOM: summons 10 friendly demons
 22605 | Lair:6   | XOM: confuse monster(s)
 22633 | Lair:6   | XOM: scenery: create altars
 22758 | Lair:6   | XOM: fake destruction
 22767 | Lair:6   | Reached skill level 10 in Shields
 23176 | Lair:6   | Reached skill level 18 in Fighting
 23187 | Lair:6   | XOM: summons friendly iron imp
 23190 | Lair:6   | XOM: noise
 23269 | Lair:6   | XOM: potion effect (brilliance)
 23294 | Lair:6   | XOM: mild Conj miscast
 23482 | Lair:6   | XOM: destruction
 23484 | Lair:6   | XOM: summons friendly iron imp
 23501 | Lair:6   | XOM: cast spell 'Olgreb's Toxic Radiance'
 23556 | Lair:6   | XOM: smoke on damage
 23604 | Lair:6   | Identified the +9 giant club "Exefema" {protect, rN+ Str+4} (You found it on level 6 of the Lair of Beasts)
 23745 | Lair:6   | XOM: give mutations
 23745 | Lair:6   | Gained mutation: You are resistant to hostile enchantments. (MR+) [Xom's grace]
 23745 | Lair:6   | Gained mutation: Your flesh is heat resistant. (rF+) [Xom's grace]
 23890 | Lair:6   | XOM: cast spell 'Summon Butterflies'
 23935 | Lair:6   | XOM: cast spell 'Disjunction'
 23936 | Lair:6   | XOM: swap monsters
 23986 | Lair:6   | XOM: enchant monster (good)
 24064 | Lair:6   | XOM: polymorph elephant -> fire crab
 24076 | Lair:6   | XOM: potion effect (curing)
 24080 | Lair:6   | XOM: polymorph catoblepas -> death yak
 24095 | Lair:6   | XOM: medium Ice miscast
 24388 | Orc:1    | Entered Level 1 of the Orcish Mines
 24517 | Orc:2    | Entered Level 2 of the Orcish Mines
 24562 | Orc:2    | Reached XP level 15. HP: 128/160 MP: 15/15
 24757 | Orc:2    | Found Gigip's Book Shop.
 24922 | D:10     | XOM: mild Pois miscast
 25105 | Orc:2    | Noticed Azrael
 25112 | Orc:2    | XOM: divination: magic mapping
 25134 | Orc:2    | XOM: confuse monster(s)
 25137 | Orc:2    | Killed Azrael
 25137 | Orc:2    | Reached skill level 1 in Armour
 25208 | Orc:2    | Found a staircase to the Elven Halls.
 25313 | Orc:2    | XOM: confuse monster(s)
 25424 | Orc:2    | XOM: scenery: create altars
 25430 | Orc:2    | XOM: divination: detect items
 25437 | Orc:2    | XOM: enchant monster (good)
 25444 | Orc:2    | XOM: confuse monster(s)
 25563 | Orc:2    | XOM: enchant monster (good)
 25601 | Orc:2    | XOM: divination: magic mapping
 25659 | Orc:2    | XOM: cast spell 'Shadow Creatures'
 25702 | Orc:2    | XOM: silly message
 25780 | Orc:2    | Found a roughly hewn altar of Beogh.
 25804 | Orc:2    | XOM: god gift: 16 stones
 25833 | Orc:2    | XOM: mild Erth miscast
 25887 | Orc:2    | Found Itymad's Antique Armour Emporium.
 25919 | Orc:2    | Found Joat's Antique Weapon Emporium.
 25979 | Orc:2    | Found Uschao's General Store.
 26059 | Orc:2    | Noticed an orc warlord
 26074 | Orc:2    | XOM: divination: detect items
 26095 | Orc:2    | XOM: enchant monster (good)
 26098 | Orc:2    | Killed an orc warlord
 26133 | Orc:2    | XOM: enchant monster (bad)
 26478 | Orc:2    | Bought quicksilver dragon scales for 1920 gold pieces
 26630 | D:11     | Killed Joseph
 27148 | D:13     | XOM: confuse monster(s)
 27354 | D:13     | XOM: summons friendly iron imp
 27368 | D:13     | XOM: confusion (+ monsters)
 27444 | D:13     | XOM: polymorph green ugly thing -> alligator
 27539 | D:13     | XOM: summons friendly crimson imp
 27542 | D:13     | XOM: summons friendly shadow imp
 27556 | D:13     | XOM: divination: detect items
 27651 | D:13     | XOM: potion effect (might)
 27675 | D:13     | XOM: enchant monster (good)
 27678 | D:13     | Found a gate to the Vaults.
 27745 | D:13     | Noticed gwathlobal's ghost (journeyman HOFi)
 27746 | D:13     | XOM: silly message
 27754 | D:13     | XOM: harmless Necr miscast
 27778 | D:13     | Killed gwathlobal's ghost
 27778 | D:13     | Reached skill level 10 in Throwing
 27925 | D:13     | XOM: harmless Hex miscast
 28175 | D:13     | Reached skill level 19 in Fighting
 28256 | D:13     | XOM: divination: magic mapping
 28269 | D:13     | XOM: harmless Air miscast
 28432 | D:13     | XOM: god gift: potion of mutation
 28522 | D:13     | XOM: noise
 28608 | D:13     | XOM: mild Chrm miscast
 28637 | D:13     | Identified the +8 halberd of the Vaults {venom, MR+} (You found it on level 13 of the Dungeon)
 28794 | D:14     | Noticed Toogi's ghost (journeyman MfSu)
 28819 | D:14     | XOM: summons friendly white imp
 28856 | D:14     | XOM: confuse monster(s)
 28858 | D:14     | Killed Toogi's ghost
 28919 | D:14     | XOM: harmless Hex miscast
 28923 | D:14     | XOM: divination: detect creatures
 28990 | D:14     | XOM: medium Tloc miscast
 28990 | D:14     | Cast into level 3 of the Abyss (the capriciousness of Xom)
 29007 | Abyss:3  | Noticed a tentacled starspawn
 29008 | Abyss:3  | XOM: divination: magic mapping
 29023 | Abyss:3  | Killed a tentacled starspawn
 29023 | Abyss:3  | Reached XP level 16. HP: 146/170 MP: 16/16
 29234 | Abyss:3  | XOM: harmless Hex miscast
 29242 | Abyss:3  | Found a corrupted altar of Lugonu.
 29243 | Abyss:3  | Noticed a tentacled starspawn
 29243 | Abyss:3  | Noticed an Executioner
 29249 | Abyss:3  | Noticed a lich
 29258 | Abyss:3  | XOM: confusion (+ monsters)
 29275 | Abyss:3  | XOM: summons friendly shadow imp
 29382 | Abyss:3  | Paralysed by accursed screaming for 1 turns
 29384 | Abyss:3  | XOM: noise
 29386 | Abyss:3  | HP: 3/132 [ice dragon simulacrum (8)]
 29386 | Abyss:3  | Mangled by an ice dragon simulacrum

Skill      XL: |  1  2  3  4  5  6  7  8  9 10 11 12 13 14 15 16 |
---------------+-------------------------------------------------+-----
Maces & Flails | 3 4 5 6 7 9 10 11 12 13 14 | 14.3
Fighting       | 5 6 7 8 10 12 13 15 16 17 18 19 | 19.2
Dodging        | 3 4 |  4.9
Shields        | 3 6 8 9 10 11 | 11.5
Throwing       | 5 7 9 10 | 10.5
Armour         | 3 4 |  4.1
Evocations     | |  0.5

Action                   |  1- 3 |  4- 6 |  7- 9 | 10-12 | 13-15 | 16-18 || total
-------------------------+-------+-------+-------+-------+-------+-------++-------
Melee: Mace              |    79 |    66 |       |       |       |       ||   145
       Flail             |       |   199 |   558 |  1043 |  2320 |   131 ||  4251
 Fire: Blowgun           |       |       |       |       |     3 |       ||     3
Throw: Throwing net      |       |       |       |       |     4 |       ||     4
       Large rock        |       |       |       |       |     7 |       ||     7
Evoke: Wand              |       |       |       |    24 |     7 |       ||    31
       Phantom mirror    |       |       |       |       |     1 |       ||     1
  Use: Potion            |     1 |     2 |    11 |    10 |    10 |     5 ||    39
       Scroll            |       |       |       |    21 |    12 |     2 ||    35
 Stab: Distracted        |     1 |       |       |     2 |     3 |       ||     6
       Confused          |       |     3 |       |     1 |    14 |       ||    18
       Invisible         |       |     2 |       |     7 |       |       ||     9
       Paralysed         |       |       |     1 |     7 |       |       ||     8
       Petrified         |       |       |       |    12 |    25 |       ||    37
       Sleeping          |       |       |       |     1 |     2 |       ||     3
       Held in net/web   |       |       |       |       |     2 |       ||     2
       Petrifying        |       |       |       |       |     6 |       ||     6
  Eat: Chunk             |       |     8 |     9 |    20 |    37 |     2 ||    76
       Bread ration      |       |       |     2 |     3 |     1 |       ||     6
       Royal jelly       |       |       |     1 |     1 |       |       ||     2
       Fruit             |       |       |       |     3 |       |       ||     3
       Meat ration       |       |       |       |     1 |       |       ||     1
Armor: Robe              |    28 |   101 |   200 |   287 |   253 |       ||   869
       Skin              |       |       |    27 |     6 |       |       ||    33
       Quicksilver drago |       |       |       |       |    83 |       ||    83
       Troll leather arm |       |       |       |       |    25 |       ||    25
       Pearl dragon scal |       |       |       |       |    16 |    37 ||    53
Dodge: Dodged            |    40 |   126 |   255 |   261 |   452 |    34 ||  1168
Block: Large shield      |       |       |       |   941 |  2156 |   110 ||  3207
